 Dungeon Crawl Stone Soup version 0.26-a0-834-g69557b85cc (webtiles) character file.

Game seed: 11425279499194420350

146 strifetoe the Chopper (level 5, 0/32 HPs)
             Began as a Gargoyle Monk on Nov 17, 2020.
             Slain by a starspawn tentacle (3 damage)
             ... attached to a tentacled starspawn
             ... on level 2 of the Abyss.
             The game lasted 00:02:42 (2847 turns).

strifetoe the Chopper (Gargoyle Monk)               Turns: 2847, Time: 00:02:43

Health: 0/32       AC: 15    Str: 15    XL:     5   Next: 28%
Magic:  5/5        EV:  1    Int: 11    God:
Gold:   145        SH:  0    Dex: 12    Spells: 4/4 levels left

rFire    + . .     SeeInvis +   a - +0 hand axe
rCold    . . .     Faith    .   (no shield)
rNeg     + . .     Spirit   .   n - +0 plate armour (curse)
rPois    ∞         Reflect  .   (no helmet)
rElec    +         Harm     .   e - +0 cloak
rCorr    .         Rampage  .   (no gloves)
MR       .....                  (no boots)
Stlth    ..........             (no amulet)
HPRegen  0.10/turn              i - ring of protection from fire
MPRegen  0.09/turn              s - ring of see invisible

@: constricted
A: negative energy resistance 1, electricity resistance, unbreathing,
petrification resistance, rot immunity, AC +4
a: no special abilities


You were on level 2 of the Abyss.
You visited 1 branch of the dungeon, and saw 4 of its levels.
You visited the Abyss 1 time.

You collected 145 gold pieces.

Inventory:

Hand Weapons
 a - a +0 hand axe (weapon)
Armour
 e - a +0 cloak (worn)
 n - a cursed +0 plate armour (worn)
 w - a +0 pair of gloves
Jewellery
 i - a ring of protection from fire (left hand)
 s - a ring of see invisible (right hand)
Wands
 k - a wand of paralysis (7)
 q - a wand of acid (12)
 r - a wand of enslavement (9)
Scrolls
 b - 3 scrolls of teleportation {unknown}
 f - 4 scrolls of remove curse {unknown}
 g - 9 scrolls of identify {unknown}
 o - a scroll of noise {unknown}
 p - 2 scrolls of random uselessness {unknown}
 t - a scroll of enchant armour {unknown}
 u - a scroll of magic mapping {unknown}
Potions
 c - 3 potions of flight {unknown}
 d - 4 potions of might {unknown}
 h - a potion of lignification {unknown}
 j - a potion of brilliance {unknown}
 l - 4 potions of curing {unknown}
 m - a potion of haste
 v - a potion of magic {unknown}


   Skills:
 - Level 3.2 Fighting
 + Level 5.3 Axes
 - Level 2.4 Dodging
 - Level 2.1 Stealth


You had 4 spell levels left.
You didn't know any spells.
Your spell library was empty.

Dungeon Overview and Level Annotations

Branches:
Dungeon (4/15)
 Temple: D:4-7

Altars:

Annotations:
D:4 Duvessa


Innate Abilities, Weirdness & Mutations

You are resistant to torment.
Your stone body is resilient. (AC +4)
You are immune to poison.
You resist negative energy. (rN+)
You are resistant to electric shocks. (rElec)
You can survive without breathing.
You are immune to petrification.
You are immune to rotting.


Message History

Your +0 hand axe unmelds from your body.
Your +0 cloak unmelds from your body.
Your cursed +0 plate armour unmelds from your body.
There is an empty arch of ancient stone here.
Found 31 gold pieces and 26 bolts.
You are suddenly pulled into a different region of the Abyss!
Unknown command.
The ynoxinul bellows!
You hear a roar!
A tentacled starspawn comes into view.
A tentacled starspawn comes into view.
The ynoxinul gestures at you. The iron shot hits you!!
Ouch! That really hurt!
* * * LOW HITPOINT WARNING * * *
Tentacles burst from the starspawn's body!
The ynoxinul gestures. 2 starspawn tentacles come into view.
Tentacles burst from the starspawn's body!
The starspawn tentacle grabs you.
You die...

.. #.. .. .##..#
##.. .. ..... ....
... .... ... .. #..
#..# ..#
..##..##..##..##..
..
....w............
...
.wX.....@....... ..
#.. #..##.w##$.##..
.. #..##..##/.##..#
........../........
......../5..... ...
.
#..##3X##..##..##..
..##. ##/.##..##..#
. ....
...w............ .
................ ..


You could see 2 tentacled starspawn, a ynoxinul, 4 starspawn tentacles and an
ufetubus (summoned).

Vanquished Creatures
  A centaur skeleton (D:4)
  Jessica (D:2)
  2 adders
  An adder skeleton (D:4)
  3 worms
  A dart slug (D:1)
  2 leopard geckos
  A ball python (D:3)
  3 giant cockroaches
  8 goblins
  3 hobgoblins
  11 jackals
  A quokka (D:3)
  2 bats (D:2)
  4 frilled lizards
  5 kobolds
  10 rats
59 creatures vanquished.

Notes
Turn   | Place    | Note
-------+----------+-------------------------------------------
     0 | D:1      | strifetoe the Gargoyle Monk began the quest for the Orb.
     0 | D:1      | Reached XP level 1. HP: 14/14 MP: 1/1
    59 | D:1      | Reached skill level 3 in Axes
   299 | D:1      | Reached XP level 2. HP: 19/19 MP: 2/2
   961 | D:1      | Reached XP level 3. HP: 20/23 MP: 3/3
  1094 | D:2      | Noticed Jessica
  1103 | D:2      | Killed Jessica
  1104 | D:2      | Reached skill level 4 in Axes
  1241 | D:2      | Reached XP level 4. HP: 20/28 MP: 4/4
  1662 | D:2      | Found a faded altar of an unknown god.
  2562 | D:4      | Reached skill level 5 in Axes
  2562 | D:4      | Reached XP level 5. HP: 28/32 MP: 5/5
  2721 | D:4      | Noticed Duvessa
  2775 | D:4      | Cast into level 2 of the Abyss (Duvessa)
  2836 | Abyss:2  | Noticed a ynoxinul
  2838 | Abyss:2  | Noticed a tentacled starspawn
  2843 | Abyss:2  | Noticed a tentacled starspawn
  2847 | Abyss:2  | Slain by a starspawn tentacle

Illustrated notes

Levels and vault maps discovered:
D:1:      kennysheep_arrival_forest, layout_basic
D:2:      layout_basic, chequers_ecumenical_altar_simple, uniq_jessica
D:3:      layout_loops_ring
D:4:      layout_cave_pods, serial_shops, shop, shop, uniq_blork_the_orc,
          uniq_edmund, uniq_duvessa
Abyss:2:  base:
Temple

Skill      XL: |  1  2  3  4 |
---------------+-------------+-----
Axes           | 3 4 5 |  5.3
Fighting       | |  3.2
Dodging        | |  2.4
Stealth        | |  2.1

Action                   |  1- 3 |  4- 6 || total
-------------------------+-------+-------++-------
Melee: Hand axe          |    89 |   122 ||   211
       Unarmed           |       |     1 ||     1
 Stab: Sleeping          |     2 |       ||     2
Armor: Robe              |    32 |     9 ||    41
       Plate armour      |       |    91 ||    91
       Skin              |       |     1 ||     1
Dodge: Dodged            |    48 |    31 ||    79

Table legend: (Time is in decaauts)
 A = Elapsed time spent in this place.
 B = Non-inter-level travel time spent in this place.
 C = Inter-level travel time spent in this place.
 D = Time resting spent in this place.
 E = Time spent auto-exploring this place.
 F = Levels seen in this place.
 G = Mean time per level.
                   A        B        C        D        E       F      G
               +--------+--------+--------+--------+--------+-----+--------+
         Total |   2863 |   2702 |    161 |    190 |   1953 |   5 |  572.6 |
       Dungeon |   2792 |   2631 |    161 |    173 |   1953 |   4 |  698.0 |
         Abyss |     71 |     71 |      0 |     17 |      0 |   1 |   71.0 |
               +--------+--------+--------+--------+--------+-----+--------+

Top non-repeatable levels by time:
     D:1: 1086 daAuts
     D:2: 850 daAuts
     D:3: 631 daAuts
     D:4: 223 daAuts
 Abyss:2: 71 daAuts
